 Dungeon Crawl Stone Soup version 0.21-a0-127-g329daca (webtiles) character file.

12590 GordonOverkill the Destroyer (level 11, -2/66 HPs)
             Began as an Octopode Fire Elementalist on July 16, 2017.
             Was a High Priest of Sif Muna.
             Slain by an eight-headed hydra (4 damage)
             ... on level 1 of the Lair of Beasts.
             The game lasted 00:53:46 (18005 turns).

GordonOverkill the Destroyer (OpFE)                Turns: 18005, Time: 00:53:46

Health: -2/66      AC:  2    Str:  8    XL:     11   Next: 95%
Magic:  8/32       EV: 14    Int: 21    God:    Sif Muna [*****.]
Gold:   521        SH:  0    Dex: 12    Spells: 14/27 levels left

rFire    + . .     SeeInvis .   a - +0 hunting sling
rCold    . . .     Gourm    .   (no shield)
rNeg     . . .     Faith    .   (helmet restricted)
rPois    .         Spirit   .   D - amulet of rage
rElec    .         Reflect  .   c - +1 ring of protection
rCorr    .         Harm     .   v - ring of magical power
MR       .....                  i - ring of protection from fire
Stlth    ++++......             (no ring)
HPRegen  0.21/turn              (no ring)
MPRegen  0.23/turn              (no ring)
                                (no ring)
                                (no ring)

@: invisible, divine energy
A: almost no armour, stealthy swim, amphibious, 8 rings, constrict 8, camouflage
1, gelatinous body 1
a: Stop Divine Energy, Channel Magic, Forget Spell, Renounce Religion, Evoke
Berserk Rage


You were on level 1 of the Lair of Beasts.
You worshipped Sif Muna.
Sif Muna was extremely pleased with you.
You were hungry.

You visited 2 branches of the dungeon, and saw 12 of its levels.

You collected 521 gold pieces.

Inventory:

Hand Weapons
 a - a +0 hunting sling (weapon)
 b - a +3 halberd
Missiles
 s - 66 sling bullets
 t - 228 stones (quivered)
Armour
 y - a +1 buckler
Magical Staves
 L - an uncursed staff of wizardry
Jewellery
 c - a +1 ring of protection (left tentacle)
 i - a ring of protection from fire (on tentacle)
 v - a ring of magical power (right tentacle)
 D - an amulet of rage (around mantle)
Wands
 g - a wand of random effects (26/48)
 k - a wand of clouds (4/9)
 r - a wand of flame (34/48)
 z - a wand of random effects (34/48)
 B - a wand of disintegration (10/24)
 I - a wand of flame (33/48)
 O - a wand of disintegration (3/24)
 R - a wand of iceblast (4/15)
 S - a wand of enslavement (4/24)
Scrolls
 l - a scroll of immolation
 u - 3 scrolls of magic mapping
 x - 2 scrolls of remove curse
 E - a scroll of fear
 G - a scroll of amnesia {unknown}
 H - a scroll of fog
 J - 3 scrolls of recharging
 K - a scroll of identify
 M - 2 scrolls of enchant armour
Potions
 d - 5 potions of flight
 e - a potion of ambrosia
 f - 5 potions of curing
 h - 3 potions of magic
 m - 2 potions of lignification {unknown}
 n - 3 potions of agility
 o - 4 potions of might
 q - 4 potions of invisibility
 A - 4 potions of brilliance
 N - 2 potions of haste
Books
 w - a book of Clouds

   Spells                             Type                      Level
   a - Poisonous Vapours              Poison/Air                   2
   b - Mephitic Cloud                 Conjuration/Poison/Air       3
   c - Conjure Flame                  Conjuration/Fire             3
   d - Freezing Cloud                 Conjuration/Ice/Air          6
   e - Ring of Flames                 Charms/Fire                  7
 F - a book of Conjurations

   Spells                             Type                      Level
   a - Magic Dart                     Conjuration                  1
   b - Searing Ray                    Conjuration                  2
   c - Dazzling Spray                 Conjuration/Hexes            3
   d - Fulminant Prism                Conjuration/Hexes            4
   e - Force Lance                    Conjuration/Translocation    4
   f - Iskenderun's Mystic Blast      Conjuration                  4
 P - a book of Geomancy

   Spells                             Type                      Level
   a - Sandblast                      Earth                        1
   b - Passwall                       Transmutation/Earth          2
   c - Stone Arrow                    Conjuration/Earth            3
   d - Petrify                        Transmutation/Earth          4
   e - Lee's Rapid Deconstruction     Earth                        5
Comestibles
 p - 7 bread rations
 Q - 3 meat rations


   Skills:
 + Level 2.8 Fighting
 + Level 3.2 Dodging
 - Level 5.2 Stealth
 + Level 8.5 Spellcasting
 + Level 12.3 Conjurations
 - Level 9.0 Fire Magic
 - Level 4.3 Invocations


You had 14 spell levels left.
You knew the following spells:

 Your Spells              Type           Power        Failure   Level  Hunger
a - Flame Tongue          Conj/Fire      #####        1%          1    None
b - Conjure Flame         Conj/Fire      ######..     1%          3    None
c - Sticky Flame          Conj/Fire      ######..     1%          4    ###....
d - Fireball              Conj/Fire      ######....   2%          5    #####..


Dungeon Overview and Level Annotations

Branches:
Dungeon (11/15)            Temple (0/1) D:4            Lair (1/6) D:10
    Orc (0/2) D:9

Altars:
Dithmenos
Elyvilon
Gozag
Hepliaklqana
Kikubaaqudgha
Makhleb
Nemelex Xobeh
Qazlal
Ru
Sif Muna
Vehumet
Wu Jian
Yredelemnul

Shops:
D:8 }   D:10 ?

Annotations:
D:3 1 runed door, Grinder


Innate Abilities, Weirdness & Mutations

You cannot wear most types of armour.
You are very stealthy in the water. (Stealth+)
You are amphibious.
You can wear up to eight rings at the same time.
You can use your tentacles to constrict eight enemies at once.
Your skin changes colour to match your surroundings (Stealth+).
Your rubbery body absorbs attacks. (AC +1, EV +1)


Message History

The eight-headed hydra closely misses you.
The eight-headed hydra bites you!! The eight-headed hydra bites you!
The eight-headed hydra bites you. The eight-headed hydra bites you! x2
The eight-headed hydra bites you.
* * * LOW HITPOINT WARNING * * *
Okay, then.
Okay, then.
You fade into invisibility!
The eight-headed hydra burns!
The eight-headed hydra is engulfed in blazing flames.
The eight-headed hydra barely misses you.
The eight-headed hydra closely misses you.
The eight-headed hydra bites you!
* * * LOW HITPOINT WARNING * * *
The eight-headed hydra bites you.
* * * LOW HITPOINT WARNING * * *
The eight-headed hydra bites you but does no damage.
The eight-headed hydra barely misses you.
The eight-headed hydra bites you.
You die...

##....###..##....♣.♣P.♣§≈♣§§§....
#....##.#.#...♣♣♣♣.♣♣.♣§P♣§.§...
..............♣♣ ♣♣.P♣♣♣♣♣.§....
.............♣♣ ♣.♣.. ♣..§....
.#...........♣ ♣♣P♣P♣♣♣.♣.....
.#####...P##.P.♣♣♣♣...P.P♣♣......
#...##..♣♣♣♣P♣♣♣♣♣♣...♣....#
#..... ..♣.♣♣♣P♣.♣...P♣.....#
..... ....♣P@D♣.P.♣...P.....#
.... §.♣P♣♣♣P.l♣♣♣♣♣P..##.## ...
.§. ♣♣♣..♣♣.P♣P.P..##.#
§≈♣♣♣...PPP♣.♣......
♣......♣P..P.♣......
♣.♣..P.P..♣.P.♣......
♣♣♣♣♣..♣..♣♣.♣..... ♣P.....P♣ .
♣....P..♣


You could see an eight-headed hydra (burning) and a komodo dragon (fleeing).

Vanquished Creatures
  4 two-headed ogres
  Pikel (D:9)
  An ugly thing (D:11)
  A deep elf mage (D:11)
  4 hippogriffs
  9 yaks
  A wraith (D:11)
  3 hungry ghosts
  Eustachio (D:5)
  2 water moccasins
  A porcupine (D:10)
  3 sky beasts
  9 orc warriors
  An ice beast (D:8)
  3 phantoms
  3 slaves (D:9)
  9 ogres
  6 centaurs
  A crocodile (D:9)
  A big kobold (D:7)
  8 bullfrogs
  3 scorpions
  A killer bee (D:7)
  8 wights
  2 howler monkeys
  2 quasits (D:10)
  3 crimson imps
  5 hounds
  6 orc priests
  4 jellies
  A bullfrog skeleton (D:10)
  2 centaur skeletons
  2 iguanas
  16 orc wizards
  10 worker ants
  Terence (D:3)
  2 killer bee zombies (D:9)
  2 hound skeletons
  7 gnolls
  A howler monkey skeleton (D:4)
  14 adders
  2 shadow imps (D:8)
  2 adder skeletons
  2 worms (D:2)
  A dart slug (D:2)
  5 leopard geckos
  61 orcs
  A ball python (D:2)
  8 giant cockroaches
  10 goblins
  7 hobgoblins
  9 jackals
  5 quokkas
  A ball python skeleton (D:4)
  7 bats
  6 frilled lizards
  11 kobolds
  A quokka skeleton (D:4)
  A quokka zombie (D:7)
  6 rats
310 creatures vanquished.

Vanquished Creatures (others)
  A slave (D:9)
  A bullfrog (D:6)
  A worker ant (D:6)
  An adder zombie (D:9)
  An orc (D:6)
  6 fungi (D:10)
  A plant (D:10)
12 creatures vanquished.

Grand Total: 322 creatures vanquished

Notes
Turn   | Place    | Note
-------+----------+-------------------------------------------
     0 | D:1      | GordonOverkill the Octopode Fire Elementalist began the quest for the Orb.
     0 | D:1      | Reached XP level 1. HP: 11/11 MP: 3/3
   242 | D:1      | Reached XP level 2. HP: 9/17 MP: 0/5
   928 | D:2      | Reached XP level 3. HP: 20/21 MP: 3/6
   991 | D:1      | Learned a level 3 spell: Conjure Flame
  1182 | D:2      | Reached skill level 2 in Conjurations
  1221 | D:2      | Found a basalt altar of Yredelemnul.
  1696 | D:2      | Reached XP level 4. HP: 27/27 MP: 5/7
  2081 | D:2      | Learned a level 4 spell: Sticky Flame
  2559 | D:2      | Reached skill level 3 in Conjurations
  2770 | D:2      | Found a deep blue altar of Sif Muna.
  2819 | D:2      | Reached XP level 5. HP: 31/31 MP: 9/9
  3447 | D:3      | Found an opulent altar of Gozag.
  3460 | D:3      | Noticed an ogre
  3472 | D:3      | Killed an ogre
  3472 | D:3      | Reached XP level 6. HP: 36/36 MP: 10/10
  3758 | D:3      | Noticed Terence
  3769 | D:3      | Killed Terence
  3769 | D:3      | Reached skill level 4 in Conjurations
  3880 | D:3      | Reached skill level 5 in Stealth
  4249 | D:3      | Noticed Grinder
  4250 | D:3      | Paralysed by Grinder for 2 turns
  4294 | D:2      | Found a shadowy altar of Dithmenos.
  4302 | D:2      | Became a worshipper of Sif Muna the Loreminder
  4464 | D:3      | Found a runed door.
  4783 | D:4      | Reached XP level 7. HP: 41/41 MP: 11/11
  5342 | D:4      | Reached skill level 1 in Invocations
  5582 | D:4      | Reached skill level 5 in Conjurations
  5960 | D:4      | Found a staircase to the Ecumenical Temple.
  6203 | D:5      | Entered Level 5 of the Dungeon
  6273 | D:5      | Noticed Eustachio
  6283 | D:5      | Killed Eustachio
  6283 | D:5      | Reached XP level 8. HP: 41/46 MP: 12/13
  6704 | D:5      | Reached * piety under Sif Muna
  6873 | D:5      | Reached skill level 6 in Conjurations
  6873 | D:5      | Reached skill level 5 in Fire Magic
  7038 | D:5      | Learned a level 5 spell: Fireball
  7045 | D:5      | Found an ornate altar of the Wu Jian Council.
  8051 | D:6      | Found a white marble altar of Elyvilon.
  8068 | D:6      | Found a hazy altar of Hepliaklqana.
  8256 | D:6      | Found a burning altar of Makhleb.
  8305 | D:6      | Found a sparkling altar of Nemelex Xobeh.
  8950 | D:7      | Reached ** piety under Sif Muna
  8950 | D:7      | Reached skill level 7 in Conjurations
  8959 | D:6      | Reached XP level 9. HP: 22/51 MP: 13/16
  9152 | D:7      | Reached skill level 5 in Spellcasting
  9906 | D:7      | Found a stormy altar of Qazlal.
  9968 | D:7      | Reached skill level 8 in Conjurations
 11268 | D:8      | Noticed a two-headed ogre
 11285 | D:8      | Killed a two-headed ogre
 11285 | D:8      | Reached *** piety under Sif Muna
 11285 | D:8      | Reached skill level 9 in Conjurations
 11285 | D:8      | Reached XP level 10. HP: 56/56 MP: 13/19
 11913 | D:8      | Found Atoosilu's Gadget Boutique.
 12449 | D:8      | Noticed a two-headed ogre
 12465 | D:8      | Killed a two-headed ogre
 12465 | D:8      | Reached skill level 10 in Conjurations
 12478 | D:8      | Reached **** piety under Sif Muna
 12636 | D:9      | Noticed a two-headed ogre
 12643 | D:9      | Killed a two-headed ogre
 12822 | D:9      | Found a sacrificial altar of Ru.
 12981 | D:9      | Found a radiant altar of Vehumet.
 13674 | D:8      | Reached skill level 11 in Conjurations
 14092 | D:8      | Reached XP level 11. HP: 29/61 MP: 22/22
 14368 | D:9      | Noticed Pikel
 14836 | D:9      | Found an ancient bone altar of Kikubaaqudgha.
 14922 | D:9      | Killed Pikel
 15231 | D:9      | Found a burning altar of Makhleb.
 15290 | D:9      | Found a staircase to the Orcish Mines.
 15420 | D:10     | Entered Level 10 of the Dungeon
 15468 | D:10     | Noticed a two-headed ogre
 15471 | D:10     | Killed a two-headed ogre
 15471 | D:10     | Reached ***** piety under Sif Muna
 15764 | D:10     | Identified Goydaoz's Disquisition on the Oath and the Traveller (Sif Muna gifted it to you on level 10 of the Dungeon)
 15764 | D:10     | Received a gift from Sif Muna
 16061 | D:10     | Reached skill level 12 in Conjurations
 16319 | D:10     | Found Racaitto's Magic Scroll Emporium.
 16760 | D:10     | Found a staircase to the Lair.
 16907 | D:11     | Reached skill level 1 in Fighting
 17070 | D:11     | Noticed a deep elf mage
 17079 | D:11     | Killed a deep elf mage
 17204 | D:11     | Noticed a white ugly thing
 17218 | D:11     | Killed a white ugly thing
 17492 | D:11     | Noticed a skeletal warrior
 17529 | D:11     | Noticed a skeletal warrior
 17529 | D:11     | Noticed a skeletal warrior
 17530 | D:11     | Noticed a skeletal warrior
 17711 | Lair:1   | Entered Level 1 of the Lair of Beasts
 17989 | Lair:1   | Noticed an eight-headed hydra
 18005 | Lair:1   | HP: 3/66 [eight-headed hydra (12)]
 18005 | Lair:1   | Slain by an eight-headed hydra

Vault maps used:
D:1:      dpeg_arrival_shelter
D:2:      yredelemnul_altar_generic, nicolae_overflow_hidden_temple,
          minivault_24
D:3:      overflow_temple_1_default, uniq_terence, uniq_crazy_yiuf_cottage,
          uniq_grinder
D:4:      temple_green, wad_orctagon
D:5:      lemuel_round_altar, first_bread, uniq_eustachio
D:6:      lemuel_coloured_pillars_altar, nemelex_xobeh_ov_fountains_minmay,
          old_standard_altar, lemuel_doored_altar, lemuel_flame_loot_1
D:7:      grunt_qazlal_sundering
D:8:      serial_shops, shop
D:9:      nicolae_overflow_crystal_walls, kiku_gazebo_pond_becter,
          vehumet_crystals, david_orc_4, basic_altar, uniq_pikel
D:10:     grunt_lair_entry_orc_guard_hut, serial_shops, nicolae_shop_trees
Lair:1:   wad_woods_stonehenge, beast_lair_carwin_6, grunt_megastairs_1

Skill      XL: |  1  2  3  4  5  6  7  8  9 10 11 |
---------------+----------------------------------+-----
Stealth        | 3 4 5 |  5.2
Conjurations   | 2 3 4 5 7 9 11 12 | 12.3
Spellcasting   | 3 4 6 7 8 |  8.5
Fire Magic     | 4 5 6 8 9 |  9.0
Invocations    | 2 4 |  4.3
Fighting       | 2 |  2.8
Dodging        | 3 |  3.2

Action                   |  1- 3 |  4- 6 |  7- 9 | 10-12 || total
-------------------------+-------+-------+-------+-------++-------
Melee: Unarmed           |     2 |       |       |       ||     2
       Tentacles         |     2 |       |       |     2 ||     4
       Whip              |     6 |       |       |       ||     6
       Constrict         |     2 |       |       |     3 ||     5
       Halberd           |       |       |       |    14 ||    14
 Fire: Hunting sling     |       |   117 |   138 |   136 ||   391
 Cast: Flame Tongue      |    59 |    67 |   236 |   251 ||   613
       Conjure Flame     |       |     9 |    24 |    15 ||    48
       Sticky Flame      |       |     3 |    21 |    41 ||    65
       Fireball          |       |       |     3 |    50 ||    53
Invok: Divine Energy     |       |       |     1 |       ||     1
  Use: Scroll            |       |    12 |     7 |     6 ||    25
       Potion            |       |       |       |     1 ||     1
 Stab: Sleeping          |     1 |       |       |       ||     1
  Eat: Chunk             |     3 |    11 |    20 |    25 ||    59
       Meat ration       |       |       |     1 |     1 ||     2
       Royal jelly       |       |       |     1 |     3 ||     4
Armor: Skin              |     5 |     2 |     7 |     5 ||    19
Dodge: Dodged            |    10 |    15 |    31 |    75 ||   131
